AoeStats
← Potatoe4

Highland

505079675Analyzed
2v2 RM · 23d ago on Sep 7, 2026· 49m 50s· 4 players
Game mode
Random Map
Map size
Medium (4 player)
Population
200
Speed
Normal
Resources
Standard
Victory
Conquest
Starting age
Dark Age
Ending age
Imperial Age
RankedLock teamsTeams togetherTeam positionsShared explorationLock speedFull tech treeHidden civsTurbo modeCheats
Victory
Defeat
🇧🇷 Shu · Brazil
1133
+13
🇧🇷 Franks · Brazil
1084
+15
🇺🇸 Vietnamese · United States
1148
-17
🇺🇸 Bulgarians · United States
994
-11
Rayox_Sr_Ñeque
6:38 Loom
9:29 Feudal Age
10:17 Double-Bit Axe
16:09 Gold Mining
19:28 Town Watch
23:30 Castle Age
21:51 Padded Archer Armor
23:01 Scale Mail Armor
23:53 Forging
24:24 Wheelbarrow
24:17 Squires
25:15 Bow Saw
26:32 Leather Archer Armor
26:23 Fletching
26:24 Crossbowman
27:00 Stone Mining
30:06 Bodkin Arrow
30:45 Scale Barding Armor
36:46 Husbandry
37:50 Gold Shaft Mining
38:41 Hand Cart
43:06 Imperial Age
43:37 Chain Barding Armor
43:53 Iron Casting
44:18 Cavalier
46:31 Plate Barding Armor
46:57 Blast Furnace
LordAlvarito
4:44 Loom
10:41 Feudal Age
11:51 Double-Bit Axe
14:41 Gold Mining
19:11 Castle Age
17:27 Fletching
17:48 Horse Collar
19:54 Bodkin Arrow
21:31 Gold Shaft Mining
24:20 Bow Saw
24:14 Fishing Lines
25:48 Heavy Plow
25:45 Crossbowman
27:04 Ballistics
27:18 Stone Mining
29:39 Padded Archer Armor
30:16 Thumb Ring
31:42 Wheelbarrow
33:04 Masonry
36:08 Imperial Age
35:57 Hand Cart
36:10 Arbalester
36:51 Bracer
37:06 Leather Archer Armor
38:20 Gillnets
40:38 Ring Archer Armor
42:34 Two-Man Saw
43:09 Chemistry
42:05 Murder Holes
42:40 Architecture
42:41 Forging
42:32 Scale Mail Armor
43:53 Medium Warships
43:04 Demolition Ship
48:36 Chain Mail Armor
49:59 Coinage
49:23 Pikeman
50:03 Squires
49:48 Arson
Apoptosis
6:48 Loom
9:53 Feudal Age
10:51 Double-Bit Axe
15:14 Horse Collar
24:00 Castle Age
22:47 Fletching
26:18 Bow Saw
26:11 Heavy Plow
28:30 Crossbowman
29:08 Bodkin Arrow
35:03 Imperial Age
34:06 Medium Warships
34:10 Padded Archer Armor
34:57 Wheelbarrow
35:22 Arbalester
36:56 Heavy Warships
36:54 Hand Cart
37:21 Gold Mining
Potatoe4
12:47 Feudal Age
13:47 Arson
22:02 Castle Age
21:59 Scale Mail Armor
22:22 Double-Bit Axe
27:04 Squires
28:18 Pikeman
30:20 Gambesons
30:50 Forging
33:06 Loom
34:12 Scale Barding Armor
34:43 Iron Casting
35:15 Chain Barding Armor
35:45 Husbandry
37:25 Wheelbarrow
37:50 Bloodlines
41:05 Gold Mining
Connection lost

Rejoining the realm…

Still unreachable

The connection could not be restored.

Session expired

The server has moved on; the page needs a fresh start.